 Dungeon Crawl Stone Soup version 0.21-a0-538-gd16b88a (webtiles) character file.

9 theanonym the Skirmisher (level 2, 22/24 HPs)
             Began as a Demonspawn Monk on Dec 16, 2017.
             Quit the game on level 1 of the Dungeon.
             The game lasted 00:00:28 (343 turns).

theanonym the Skirmisher (Demonspawn Monk)           Turns: 343, Time: 00:00:30

Health: 22/24      AC:  3    Str: 11    XL:     2   Next: 3%
Magic:  2/2        EV: 13    Int: 11    God:
Gold:   17         SH:  0    Dex: 15    Spells: 1/1 levels left

rFire    . . .     SeeInvis .     - Unarmed
rCold    . . .     Gourm    .   (no shield)
rNeg     . . .     Faith    .   a - +0 robe {0}
rPois    .         Spirit   .   (helmet restricted)
rElec    .         Reflect  .   g - +0 cloak
rCorr    .         Harm     .   (no gloves)
MR       .....                  (no boots)
Stlth    ++........             (no amulet)
HPRegen  0.08/turn              (no ring)
MPRegen  0.08/turn              (no ring)

@: no status effects
A: antennae 1
a: no special abilities


Innate Abilities, Weirdness & Mutations

You have a pair of small antennae on your head.


   Skills:
 + Level 3.2 Fighting
 - Level 2.6 Dodging
 - Level 1.7 Stealth
 * Level 3.1 Unarmed Combat


You had one spell level left.
You didn't know any spells.

Skill      XL: |  1 |
---------------+----+-----
Unarmed Combat | 3 |  3.1
Fighting       | |  3.2
Dodging        | |  2.6
Stealth        | |  1.7

Action                   || total
-------------------------++-------
Melee: Unarmed           ||    16
 Stab: Sleeping          ||     2
Armor: Robe              ||     1
Dodge: Dodged            ||     8

Inventory:

Armour
 a - a +0 robe (worn) {0}
 g - a +0 cloak (worn)
   (You found it on level 1 of the Dungeon)
Scrolls
 d - a scroll of enchant weapon {unknown}
 f - a scroll of immolation {unknown}
 h - a scroll of teleportation {unknown}
Potions
 b - 2 potions of might {unknown}
Comestibles
 c - a bread ration
 e - a meat ration
 i - 4 chunks of flesh


You were on level 1 of the Dungeon.
You were not hungry.

You visited 1 branch of the dungeon, and saw 1 of its levels.

You collected 17 gold pieces.

Dungeon Overview and Level Annotations

Branches:
Dungeon (1/15)

Altars:


Message History

No target in view!
You start resting.
Health restored: 18
d - a scroll labeled ZEIMESHROUL
Things that are here:
a club; a hobgoblin corpse You butcher the hobgoblin corpse.
b - 4 chunks of flesh (gained 3)
You see here a club. x2
Found a leather armour.
f - a scroll labeled YFYRHI RUAFU
g - a cloak Wear which item? (? for menu, Esc to quit)
You start putting on your armour.
You continue putting on your cloak. x4
You finish putting on your +0 cloak.
A goblin comes into view. It is wielding a club.
A goblin is nearby!
A goblin is nearby!
A goblin is nearby!
A kobold comes into view. It is wielding a short sword.
The kobold shouts!
The kobold throws a stone.
The stone hits you.
You see here a stone.
You take 2 damage, and have 16/18 hp.
The kobold throws a stone.
The stone barely misses you.
The goblin shouts!
The kobold hits you but does no damage.
You closely miss the kobold. The kobold closely misses you.
You closely miss the kobold. The goblin closely misses you.
The kobold hits you with a short sword.
You take 4 damage, and have 13/18 hp.
MASSIVE DAMAGE!!
You hit the kobold.
You kill the kobold!
The goblin closely misses you.
You hit the goblin but do no damage. You hit the goblin.
You kill the goblin!
No target in view!
No target in view!
You start resting.
Things that are here:
a short sword; a kobold corpse You regained 3 hp, and now have 16/18 hp.
h - a scroll labeled JOMPON FUVI
Found an escape hatch in the floor.
There is an escape hatch in the floor here.
Some of the chunks of flesh in your inventory have rotted away.
Found a short sword.
Health restored: 18 A hobgoblin comes into view.
Found a centaur barding and 2 amethyst potions.
A hobgoblin is nearby!
Found 13 stones.
All of the chunks of flesh in your inventory have rotted away.
The helpless hobgoblin fails to defend itself.
You punch the hobgoblin!
You kill the hobgoblin!
Your Unarmed Combat skill increases to level 3!
No target in view!
No target in view!
A hobgoblin comes into view. It is wielding a club.
You see here a centaur barding.
A hobgoblin is nearby!
A hobgoblin is nearby!
The hobgoblin shouts!
The hobgoblin hits you with a club.
You see here 2 amethyst potions.
You take 3 damage, and have 15/18 hp.
You hit the hobgoblin but do no damage. The hobgoblin barely misses you.
You closely miss the hobgoblin. The hobgoblin hits you with a club.
You take 2 damage, and have 13/18 hp.
You hit the hobgoblin but do no damage. The hobgoblin barely misses you.
You hit the hobgoblin. The hobgoblin barely misses you.
You hit the hobgoblin but do no damage. You hit the hobgoblin.
You kill the hobgoblin!
No target in view!
No target in view!
No target in view!
You start resting.
b - 2 amethyst potions You regained 2 hp, and now have 15/18 hp.
Things that are here:
a club; a hobgoblin corpse You butcher the hobgoblin corpse.
i - 4 chunks of flesh You see here a club. x2
You see here 13 stones.
A kobold comes into view. It is wielding a whip.
A kobold is nearby!
A kobold is nearby!
A kobold is nearby!
The helpless kobold fails to defend itself.
You hit the kobold.
You kill the kobold!
You have reached level 2!
Your demonic ancestry asserts itself...
A pair of antennae grows on your head!
You regained 6 hp, and now have 22/24 hp.
MP restored: 2

...# ...# .# ...# .#
...# .# #### # ## .# ..
...### .# .# ....##.#
####.#.. #..#)# .......#
#####.@.####
..#########............#
.## ##......#########.#
.# ##........## ##
#..........#
#..........#
#..........#
#..........#
###.......(..#


There were no monsters in sight!

Notes
Turn   | Place    | Note
-------+----------+-------------------------------------------
     0 | D:1      | theanonym the Demonspawn Monk began the quest for the Orb.
     0 | D:1      | Reached XP level 1. HP: 18/18 MP: 1/1
   279 | D:1      | Reached skill level 3 in Unarmed Combat
   342 | D:1      | Gained mutation: You have a pair of small antennae on your head. [demonic ancestry]
   342 | D:1      | Reached XP level 2. HP: 21/24 MP: 2/2
   343 | D:1      | Quit the game

Vanquished Creatures
  A goblin (D:1)
  3 hobgoblins (D:1)
  2 kobolds (D:1)
  A bat (D:1)
7 creatures vanquished.

Table legend:
 A = Turns spent in this place as a percentage of turns spent in the entire game.
 B = Non-inter-level travel turns spent in this place as a percentage of non-inter-level travel turns spent in the entire game.
 C = Inter-level travel turns spent in this place as a percentage of turns spent in this place.
 D = Turns resting spent in this place as a percentage of non-inter-level travel turns spent in this place.
 E = Turns spent auto-exploring this place as a percentage of non-inter-level travel turns spent in this place.
 F = Non-inter-level travel turns spent in this place divided by the number of levels of this place that you've seen.
                   A       B       C       D       E      F
               +-------+-------+-------+-------+-------+----------------------
         Total | 100.0 | 100.0 |   0.0 |  51.9 |  30.6 | 343.0
       Dungeon | 100.0 | 100.0 |   0.0 |  51.9 |  30.6 | 343.0
               +-------+-------+-------+-------+-------+----------------------
